TOP OF THE 1ST |
Indianapolis Indians batting - Pitching for Memphis Redbirds : LHP Tsugunosuke Murakami
|
Pitching: LHP Tsugunosuke Murakami
|
|
Batting: RHB Jerry Escamilla
|
0-0: Ball 1-0: Ball 2-0: Called Strike 2-1: Swinging Strike 2-2: Strikes out swinging
|
Batting: RHB Bubba Tierney
|
0-0: Ball 1-0: Swinging Strike 1-1: Ball 2-1: Foul Ball, location: 2F 2-2: Ball 3-2: Strikes out swinging
|
Batting: RHB Chris Pozzi
|
0-0: Called Strike 0-1: Ball 1-1: SINGLE (Groundball, 56S, EV 75.0 MPH) (infield hit)
|
Batting: LHB Alberto Figueroa
|
0-0: Ground out 4-3 (Groundball, 34, EV 84.4 MPH)
|
Top of the 1st over - 0 runs, 1 hit, 0 errors, 1 left on base; Indianapolis 0 - Memphis 0 |
BOTTOM OF THE 1ST |
Memphis Redbirds batting - Pitching for Indianapolis Indians : RHP Preston Larson
|
Pitching: RHP Preston Larson
|
|
Batting: RHB Joe Smack
|
0-0: Called Strike 0-1: Ball 1-1: Swinging Strike 1-2: Foul Ball, location: 2F 1-2: Foul Ball, location: 2F 1-2: Ball 2-2: Strikes out swinging
|
Batting: SHB Dan Lash
|
0-0: Ball 1-0: Ball 2-0: Foul Ball, location: 2F 2-1: Swinging Strike 2-2: Foul Ball, location: 2F 2-2: Ball 3-2: Base on Balls
|
Batting: RHB Jeff Brower
|
0-0: Fielders Choice at 2nd, 6-4 (Groundball, 6, EV 87.5 MPH)
|
Batting: LHB Ronnie Ashley
|
0-0: Foul Ball, location: 2F 0-1: Ground out U3 (Groundball, 3, EV 105.0 MPH)
|
Bottom of the 1st over - 0 runs, 0 hits, 0 errors, 1 left on base; Indianapolis 0 - Memphis 0 |
TOP OF THE 2ND |
Indianapolis Indians batting - Pitching for Memphis Redbirds : LHP Tsugunosuke Murakami
|
Batting: RHB Caleb Russell
|
0-0: Ball 1-0: Ball 2-0: Ground out 2-3 (Groundball, 2R, EV 69.4 MPH)
|
Batting: RHB Adam Kaeser
|
0-0: Ball 1-0: Called Strike 1-1: Fly out, F8 (Flyball, 8LM, EV 86.9 MPH)
|
Batting: RHB Etsuro Hosokawa
|
0-0: Ball 1-0: Swinging Strike 1-1: Foul Ball, location: 2F 1-2: Ground out U3 (Groundball, 3, EV 98.1 MPH)
|
Top of the 2nd over - 0 runs, 0 hits, 0 errors, 0 left on base; Indianapolis 0 - Memphis 0 |
BOTTOM OF THE 2ND |
Memphis Redbirds batting - Pitching for Indianapolis Indians : RHP Preston Larson
|
Batting: RHB Danny Gallo
|
0-0: Ball 1-0: Ball 2-0: Called Strike 2-1: Ball 3-1: Base on Balls
|
Batting: RHB Fabrice Bertin
|
0-0: Called Strike 0-1: Grounds into double play, 5-4-3 (Groundball, 56, EV 105.6 MPH)
|
Batting: LHB John Bailey
|
0-0: Ball 1-0: Ball 2-0: SOLO HOME RUN (Line Drive, 8LXD, EV 115.6 MPH), Distance : 447 ft
|
Batting: RHB Josh Martin
|
0-0: Foul Ball, location: 2F 0-1: Ball 1-1: Foul Ball, location: 2F 1-2: Ball 2-2: Foul Ball, location: 2F 2-2: Ball 3-2: Foul Ball, location: 2F 3-2: Fly out, F9 (Flyball, 9D, EV 89.4 MPH)
|
Bottom of the 2nd over - 1 run, 1 hit, 0 errors, 0 left on base; Indianapolis 0 - Memphis 1 |
TOP OF THE 3RD |
Indianapolis Indians batting - Pitching for Memphis Redbirds : LHP Tsugunosuke Murakami
|
Batting: LHB Edwin Aguilar
|
0-0: Foul Ball, location: 2F 0-1: Ball 1-1: Ground out 4-3 (Groundball, 4, EV 108.1 MPH)
|
Batting: RHB Slamet Pamungkas
|
0-0: Called Strike 0-1: Ball 1-1: Called Strike 1-2: Ball 2-2: Foul Ball, location: 2F 2-2: Ball 3-2: Base on Balls
|
Batting: RHB Jerry Escamilla
|
0-0: Called Strike 0-1: Swinging Strike 0-2: Ball Passed Ball! Slamet Pamungkas to second 1-2: Foul Ball, location: 2F 1-2: SINGLE (Groundball, 4MD, EV 102.5 MPH) Slamet Pamungkas to third Runner from 3rd tries for Home, SAFE, throw by CF to home Jerry Escamilla to second
|
Batting: RHB Bubba Tierney
|
0-0: Called Strike 0-1: Ground out 5-3 (Groundball, 56S, EV 88.8 MPH)
|
Batting: RHB Chris Pozzi
|
0-0: Foul Ball, location: 2F 0-1: Ball 1-1: Called Strike 1-2: Foul Ball, location: 2F 1-2: Ball 2-2: Ball 3-2: Strikes out swinging
|
Top of the 3rd over - 1 run, 1 hit, 0 errors, 1 left on base; Indianapolis 1 - Memphis 1 |
BOTTOM OF THE 3RD |
Memphis Redbirds batting - Pitching for Indianapolis Indians : RHP Preston Larson
|
Batting: LHB Adam Eisen
|
0-0: Ball 1-0: Ball 2-0: SINGLE (Groundball, 34S, EV 61.2 MPH) (infield hit)
|
Batting: RHB Joe Smack
|
0-0: Foul Ball, location: 2F 0-1: Ball 1-1: Swinging Strike 1-2: Foul Ball, location: 2F 1-2: Foul Ball, location: 2F 1-2: Foul Ball, location: 2F 1-2: Ball 2-2: Foul Ball, location: 2F 2-2: Foul Ball, location: 2F 2-2: Ball 3-2: Base on Balls Adam Eisen to second
|
Batting: SHB Dan Lash
|
0-0: Ball 1-0: Ball 2-0: Foul Ball, location: 2F 2-1: Foul Ball, location: 2F 2-2: Fly out, F8 (Flyball, 8LD, EV 93.1 MPH)
|
Batting: RHB Jeff Brower
|
0-0: Ball 1-0: Called Strike 1-1: Ball Adam Eisen steals 3rd base Joe Smack to second 2-1: Ball 3-1: Foul Ball, location: 2F 3-2: Ground out 5-3 (Groundball, 56S, EV 78.1 MPH) Adam Eisen scores
|
Batting: LHB Ronnie Ashley
|
0-0: Ball 1-0: Ball 2-0: SINGLE (Groundball, 56D, EV 96.9 MPH) Joe Smack to third Runner from 3rd tries for Home, throw by LF and OUT! 7-2
|
Bottom of the 3rd over - 1 run, 2 hits, 0 errors, 1 left on base; Indianapolis 1 - Memphis 2 |
TOP OF THE 4TH |
Indianapolis Indians batting - Pitching for Memphis Redbirds : LHP Tsugunosuke Murakami
|
Batting: LHB Alberto Figueroa
|
0-0: Ball 1-0: Ground out U3 (Groundball, 3S, EV 80.0 MPH)
|
Batting: RHB Caleb Russell
|
0-0: Called Strike 0-1: Called Strike 0-2: Ball 1-2: Ball 2-2: Ball 3-2: Base on Balls
|
Batting: RHB Adam Kaeser
|
0-0: Called Strike 0-1: SINGLE (Groundball, 34D, EV 98.1 MPH) Caleb Russell to second Runner from 2nd tries for 3rd, SAFE, throw by RF made to third
|
Batting: RHB Etsuro Hosokawa
|
0-0: Ball 1-0: Ball 2-0: Ball 3-0: Called Strike 3-1: Called Strike 3-2: Base on Balls Adam Kaeser to second
|
Batting: LHB Edwin Aguilar
|
0-0: DOUBLE (Line Drive, 89XD, EV 102.5 MPH) Caleb Russell scores Adam Kaeser scores Etsuro Hosokawa to third
|
Batting: RHB Slamet Pamungkas
|
0-0: Ball 1-0: Called Strike 1-1: Ground out 6-3 (Groundball, P, EV 86.9 MPH)
|
Batting: RHB Jerry Escamilla
|
0-0: Swinging Strike 0-1: Swinging Strike 0-2: Ball 1-2: Ball 2-2: Strikes out swinging
|
Top of the 4th over - 2 runs, 2 hits, 0 errors, 2 left on base; Indianapolis 3 - Memphis 2 |
BOTTOM OF THE 4TH |
Memphis Redbirds batting - Pitching for Indianapolis Indians : RHP Preston Larson
|
Batting: RHB Danny Gallo
|
0-0: Swinging Strike 0-1: Called Strike 0-2: Ball 1-2: Strikes out looking
|
Batting: RHB Fabrice Bertin
|
0-0: Called Strike 0-1: Fly out, F8 (Flyball, 8RXD, EV 99.4 MPH)
|
Batting: LHB John Bailey
|
0-0: Called Strike 0-1: Swinging Strike 0-2: Ball 1-2: Strikes out swinging
|
Bottom of the 4th over - 0 runs, 0 hits, 0 errors, 0 left on base; Indianapolis 3 - Memphis 2 |
TOP OF THE 5TH |
Indianapolis Indians batting - Pitching for Memphis Redbirds : LHP Tsugunosuke Murakami
|
Batting: RHB Bubba Tierney
|
0-0: Called Strike 0-1: Ball 1-1: Ground out 5-3 (Groundball, 5, EV 105.6 MPH)
|
Batting: RHB Chris Pozzi
|
0-0: Ball 1-0: Called Strike 1-1: Called Strike 1-2: Strikes out looking
|
Batting: LHB Alberto Figueroa
|
0-0: Ball 1-0: Foul Ball, location: 2F 1-1: Foul Ball, location: 2F 1-2: Foul Ball, location: 2F 1-2: Ball 2-2: SINGLE (Groundball, 6M, EV 101.9 MPH)
|
Batting: RHB Caleb Russell
|
0-0: Ball 1-0: Swinging Strike 1-1: Called Strike 1-2: Ball Wild Pitch! Alberto Figueroa to second 2-2: 2-RUN HOME RUN (Flyball, 78XD, EV 103.1 MPH), Distance : 437 ft
|
Pitching: RHP Mike Tallerico
|
|
Batting: RHB Adam Kaeser
|
0-0: Called Strike 0-1: Ball 1-1: Ball 2-1: Ball 3-1: Swinging Strike 3-2: Strikes out swinging, 2-3 out at first.
|
Top of the 5th over - 2 runs, 2 hits, 0 errors, 0 left on base; Indianapolis 5 - Memphis 2 |
BOTTOM OF THE 5TH |
Memphis Redbirds batting - Pitching for Indianapolis Indians : RHP Preston Larson
|
Batting: RHB Josh Martin
|
0-0: Called Strike 0-1: Ground out 3-1 (Groundball, 34, EV 97.5 MPH)
|
Batting: LHB Adam Eisen
|
0-0: Ball 1-0: Ball 2-0: Ball 3-0: Called Strike 3-1: Fly out, F7 (Flyball, 7, EV 88.1 MPH)
|
Batting: RHB Joe Smack
|
0-0: Called Strike 0-1: Ball 1-1: Ball 2-1: Called Strike 2-2: Foul Ball, location: 2F 2-2: Foul Ball, location: 2F 2-2: Foul Ball, location: 2F 2-2: Ball 3-2: Foul Ball, location: 2F 3-2: Ground out 4-3 (Groundball, 4MD, EV 106.2 MPH)
|
Bottom of the 5th over - 0 runs, 0 hits, 0 errors, 0 left on base; Indianapolis 5 - Memphis 2 |
TOP OF THE 6TH |
Indianapolis Indians batting - Pitching for Memphis Redbirds : RHP Mike Tallerico
|
Batting: RHB Etsuro Hosokawa
|
0-0: Foul Ball, location: 2F 0-1: Ball 1-1: Foul Ball, location: 2F 1-2: Ball 2-2: Strikes out swinging
|
Batting: LHB Edwin Aguilar
|
0-0: Ball 1-0: Called Strike 1-1: Ball 2-1: Called Strike 2-2: Strikes out looking
|
Batting: RHB Slamet Pamungkas
|
0-0: Foul Ball, location: 2F 0-1: Foul Ball, location: 2F 0-2: Ground out U3 (Groundball, 3S, EV 68.1 MPH)
|
Top of the 6th over - 0 runs, 0 hits, 0 errors, 0 left on base; Indianapolis 5 - Memphis 2 |
BOTTOM OF THE 6TH |
Memphis Redbirds batting - Pitching for Indianapolis Indians : RHP Preston Larson
|
Batting: SHB Dan Lash
|
0-0: Called Strike 0-1: Swinging Strike 0-2: Ball 1-2: Ball 2-2: Strikes out swinging
|
Batting: RHB Jeff Brower
|
0-0: Ball 1-0: Called Strike 1-1: Ball 2-1: Ball 3-1: Base on Balls
|
Batting: LHB Ronnie Ashley
|
0-0: Ball 1-0: SINGLE (Line Drive, 4D, EV 98.8 MPH) Jeff Brower to second
|
Pitching: RHP Albert Carrero
|
|
Batting: RHB Danny Gallo
|
0-0: Called Strike 0-1: Foul Ball, location: 2F 0-2: Fly out, F9 (Flyball, 9D, EV 86.9 MPH) Runner from 2nd tags up, SAFE at 3rd, no throw by RF
|
Batting: RHB Fabrice Bertin
|
0-0: Foul Ball, location: 2F 0-1: Foul Ball, location: 2F 0-2: Ball 1-2: Foul Ball, location: 2F 1-2: Foul Ball, location: 2F 1-2: Ball 2-2: Fly out, F8 (Flyball, 8LXD, EV 96.9 MPH)
|
Bottom of the 6th over - 0 runs, 1 hit, 0 errors, 2 left on base; Indianapolis 5 - Memphis 2 |
TOP OF THE 7TH |
Indianapolis Indians batting - Pitching for Memphis Redbirds : RHP Mike Tallerico
|
Batting: RHB Jerry Escamilla
|
0-0: Called Strike 0-1: Ball 1-1: Swinging Strike 1-2: Strikes out looking
|
Batting: RHB Bubba Tierney
|
0-0: Swinging Strike 0-1: Foul Ball, location: 2F 0-2: Ball 1-2: Ground out 6-3 (Groundball, 4M, EV 81.9 MPH)
|
Batting: RHB Chris Pozzi
|
0-0: Ball 1-0: Foul Ball, location: 2F 1-1: Ball 2-1: Foul Ball, location: 2F 2-2: Ball 3-2: Ground out 5-3 (Groundball, 5, EV 91.2 MPH)
|
Top of the 7th over - 0 runs, 0 hits, 0 errors, 0 left on base; Indianapolis 5 - Memphis 2 |
BOTTOM OF THE 7TH |
Memphis Redbirds batting - Pitching for Indianapolis Indians : RHP Albert Carrero
|
Pitching: RHP Doug Rawson
|
|
Batting: LHB John Bailey
|
0-0: Ball 1-0: SINGLE (Line Drive, 89M, EV 92.5 MPH)
|
Batting: RHB Josh Martin
|
0-0: Ball 1-0: Sac Bunt to 3S - play at first, batter OUT! 3-1 John Bailey to second
|
Batting: LHB Adam Eisen
|
0-0: Ball 1-0: Ground out 4-3 (Groundball, 34D, EV 86.2 MPH) John Bailey to third
|
Batting: RHB Joe Smack
|
0-0: Ball 1-0: SINGLE (Groundball, 4S, EV 70.0 MPH) (infield hit) John Bailey scores
|
Batting: SHB Dan Lash
|
0-0: Called Strike 0-1: Ball 1-1: Ball Joe Smack steals 2nd base 2-1: Foul Ball, location: 2F 2-2: DOUBLE (Line Drive, 3D, EV 108.1 MPH) Joe Smack scores
|
Batting: RHB Jeff Brower
|
0-0: Called Strike 0-1: Swinging Strike 0-2: Ball 1-2: Ball 2-2: Strikes out swinging
|
Bottom of the 7th over - 2 runs, 3 hits, 0 errors, 1 left on base; Indianapolis 5 - Memphis 4 |
TOP OF THE 8TH |
Indianapolis Indians batting - Pitching for Memphis Redbirds : RHP Mike Tallerico
|
Pitching: RHP Pabiyan Vetlitsky
|
|
Batting: LHB Alberto Figueroa
|
0-0: Foul Ball, location: 2F 0-1: Ball 1-1: SOLO HOME RUN (Flyball, 9D, EV 96.2 MPH), Distance : 350 ft
|
Batting: RHB Caleb Russell
|
0-0: Swinging Strike 0-1: SOLO HOME RUN (Flyball, 7LD, EV 95.6 MPH), Distance : 335 ft
|
Batting: RHB Adam Kaeser
|
0-0: Ball 1-0: DOUBLE (Line Drive, 7LS, EV 90.6 MPH)
|
Batting: RHB Etsuro Hosokawa
|
0-0: Ball 1-0: Sac Bunt to 13 - play at first, batter OUT! 1-4 Adam Kaeser to third
|
Batting: LHB Edwin Aguilar
|
0-0: Intentional Walk
|
Batting: RHB Slamet Pamungkas
|
0-0: Called Strike 0-1: Ball Wild Pitch! Adam Kaeser scores Edwin Aguilar to second 1-1: SINGLE (Groundball, 34D, EV 98.1 MPH) Edwin Aguilar to third Runner from 3rd tries for Home, SAFE, throw by RF to home
|
Pitching: RHP Doug Nickey
|
|
Batting: RHB Jerry Escamilla
|
0-0: Ball 1-0: Called Strike 1-1: Swinging Strike 1-2: Fielders Choice at 2nd, 4-6 (Groundball, 34, EV 107.5 MPH)
|
Batting: RHB Bubba Tierney
|
0-0: Foul Ball, location: 2F 0-1: Swinging Strike 0-2: Ball 1-2: Strikes out swinging
|
Top of the 8th over - 4 runs, 4 hits, 0 errors, 1 left on base; Indianapolis 9 - Memphis 4 |
BOTTOM OF THE 8TH |
Memphis Redbirds batting - Pitching for Indianapolis Indians : RHP Doug Rawson
|
Batting: LHB Ronnie Ashley
|
0-0: Ball 1-0: Foul Ball, location: 2F 1-1: Foul Ball, location: 2F 1-2: SINGLE (Groundball, 34D, EV 98.1 MPH)
|
Batting: RHB Danny Gallo
|
0-0: Ball 1-0: Called Strike 1-1: Foul Ball, location: 2F 1-2: DOUBLE (Flyball, 7LM, EV 102.5 MPH) Ronnie Ashley to third
|
Batting: RHB Fabrice Bertin
|
0-0: Ball 1-0: Called Strike 1-1: Ball 2-1: Foul Ball, location: 2F 2-2: Ball 3-2: Base on Balls
|
Pitching: LHP Hideharu Omoto
|
|
Pinch Hitting: RHB Roberto Duron
|
0-0: Ball 1-0: DOUBLE (Line Drive, 9LM, EV 111.2 MPH) Ronnie Ashley scores Danny Gallo scores Fabrice Bertin to third
|
Batting: RHB Josh Martin
|
0-0: Ball 1-0: Called Strike 1-1: Foul Ball, location: 2F 1-2: Ball 2-2: Strikes out swinging
|
Pinch Hitting: RHB Dan Boykins
|
0-0: Called Strike 0-1: Called Strike 0-2: Foul Ball, location: 2F 0-2: Strikes out swinging
|
Batting: RHB Joe Smack
|
0-0: Called Strike 0-1: Foul Ball, location: 2F 0-2: Ball 1-2: Fly out, F9 (Flyball, 9, EV 77.5 MPH)
|
Bottom of the 8th over - 2 runs, 3 hits, 0 errors, 2 left on base; Indianapolis 9 - Memphis 6 |
TOP OF THE 9TH |
Indianapolis Indians batting - Pitching for Memphis Redbirds : RHP Doug Nickey
|
Now at 3B: Josh Broome
|
|
Now in LF: Roberto Duron
|
|
Now in RF: Fabrice Bertin
|
|
Batting: RHB Chris Pozzi
|
0-0: Foul Ball, location: 2F 0-1: Ball 1-1: Swinging Strike 1-2: Strikes out swinging
|
Batting: LHB Alberto Figueroa
|
0-0: Swinging Strike 0-1: Ball 1-1: Fly out, F8 (Flyball, 8RD, EV 95.0 MPH)
|
Batting: RHB Caleb Russell
|
0-0: Ball 1-0: Ball 2-0: Ball 3-0: Called Strike 3-1: Base on Balls
|
Batting: RHB Adam Kaeser
|
0-0: Ball 1-0: Called Strike 1-1: Ball 2-1: Called Strike 2-2: Foul Ball, location: 2F 2-2: Ball 3-2: SINGLE (Groundball, 56D, EV 96.9 MPH) Caleb Russell to second Caleb Russell to third
|
Batting: RHB Etsuro Hosokawa
|
0-0: Called Strike 0-1: Swinging Strike 0-2: Ground out 4-3 (Groundball, 4, EV 87.5 MPH)
|
Top of the 9th over - 0 runs, 1 hit, 0 errors, 2 left on base; Indianapolis 9 - Memphis 6 |
BOTTOM OF THE 9TH |
Memphis Redbirds batting - Pitching for Indianapolis Indians : LHP Hideharu Omoto
|
Pitching: RHP Robby Poyfair
|
|
Batting: SHB Dan Lash
|
0-0: Called Strike 0-1: Foul Ball, location: 2F 0-2: Strikes out swinging
|
Batting: RHB Jeff Brower
|
0-0: Called Strike 0-1: SINGLE (Flyball, 8RS, EV 89.4 MPH)
|
Batting: LHB Ronnie Ashley
|
0-0: Ball 1-0: Foul Ball, location: 2F 1-1: Ball 2-1: Foul Ball, location: 2F 2-2: Strikes out swinging
|
Batting: RHB Danny Gallo
|
0-0: Foul Ball, location: 2F 0-1: Ball 1-1: Ball 2-1: SINGLE (Groundball, 6MD, EV 101.9 MPH) Jeff Brower to second
|
Batting: RHB Fabrice Bertin
|
0-0: Called Strike 0-1: Called Strike 0-2: SINGLE (Line Drive, 34D, EV 108.8 MPH) Jeff Brower to third Danny Gallo to second
|
Batting: RHB Roberto Duron
|
0-0: Ball 1-0: Ball 2-0: Called Strike 2-1: Ball 3-1: Foul Ball, location: 2F 3-2: Foul Ball, location: 2F 3-2: Hit by Pitch Jeff Brower scores Danny Gallo to third Fabrice Bertin to second
|
Batting: RHB Josh Martin
|
0-0: Called Strike 0-1: Ball 1-1: Foul Ball, location: 2F 1-2: Strikes out swinging
|
Bottom of the 9th over - 1 run, 3 hits, 0 errors, 3 left on base; Indianapolis 9 - Memphis 7 |
|